 Dungeon Crawl Stone Soup version 0.21-a0-513-gdcb3f5e (webtiles) character file.

52 Gwenloh the Covered (level 3, 0/33 HPs)
             Began as a Minotaur Fighter on Dec 1, 2017.
             Slain by a kobold (1 damage)
             ... on level 1 of the Dungeon.
             The game lasted 00:04:26 (589 turns).

Gwenloh the Covered (Minotaur Fighter)               Turns: 589, Time: 00:04:26

Health: 0/33       AC:  9    Str: 26    XL:     3   Next: 60%
Magic:  2/2        EV:  6    Int:  5    God:
Gold:   40         SH: 10    Dex:  9    Spells: 2/2 levels left

rFire    . . .     SeeInvis .   a - +0 trident
rCold    . . .     Gourm    .   c - +0 shield
rNeg     . . .     Faith    .   i - +0 chain mail
rPois    .         Spirit   .   (helmet restricted)
rElec    .         Reflect  .   (no cloak)
rCorr    .         Harm     .   (no gloves)
MR       .....                  (no boots)
Stlth    ..........             (no amulet)
HPRegen  0.11/turn              (no ring)
MPRegen  0.08/turn              (no ring)

@: mighty, lethally poisoned (0 -> -2)
A: retaliatory headbutt, horns 2
a: no special abilities


You were on level 1 of the Dungeon.
You were not hungry.

You visited 1 branch of the dungeon, and saw 2 of its levels.

You collected 40 gold pieces.

Inventory:

Hand Weapons
 a - a +0 trident (weapon)
Missiles
 n - 4 bolts
Armour
 b - a +0 scale mail
 c - a +0 shield (worn)
 i - a +0 chain mail (worn)
Scrolls
 e - a scroll of random uselessness {unknown}
 j - 2 scrolls of remove curse {unknown}
 k - a scroll of enchant weapon {unknown}
 l - 2 scrolls of identify {unknown}
 m - a scroll of teleportation {unknown}
Potions
 h - a potion of mutation {unknown}
 o - a potion of curing {unknown}
Comestibles
 f - 2 bread rations
 g - 2 chunks of flesh


   Skills:
 + Level 4.2 Fighting
 + Level 3.2 Polearms
 + Level 4.2 Armour
 + Level 4.2 Shields


You had 2 spell levels left.
You didn't know any spells.

Dungeon Overview and Level Annotations

Branches:
Dungeon (2/15)

Altars:


Innate Abilities, Weirdness & Mutations

You reflexively headbutt those who attack you in melee.
You have a pair of horns on your head.


Message History

You feel very mighty all of a sudden. Something hits you but does no damage.
You block the kobold's attack.
The hobgoblin hits you but does no damage.
The goblin barely misses you.
You are too injured to fight recklessly!
You are too injured to fight recklessly!
You are too injured to fight recklessly!
You are too injured to fight recklessly!
You closely miss the kobold.
* * * LOW HITPOINT WARNING * * *
You feel sick. Something hits you but does no damage.
You block the kobold's attack. The hobgoblin barely misses you.
The goblin hits you but does no damage.
You closely miss the kobold. Something hits you but does no damage.
The kobold barely misses you. You block the hobgoblin's attack.
The goblin hits you but does no damage.
You closely miss the kobold.
* * * LOW HITPOINT WARNING * * *
You feel sick. Something hits you but does no damage. The kobold hits you.
You die...

#.##...# #....†.# #...##.#
#...##.# ##...##.# #####
##....##÷##########...#
#.....................####
#.#.#.#.#g................
#.......g@K...............
#.#.#.#.##.########.).###.
#.......##.# #.#.....
#.#.#.#.##.# #.#.....
#.......##.# #.#.....
####.#####.########.#.....
#.# #...##.....#..... #.#
#.#........#..... #.#
#...#......#+####


You could see a hobgoblin, a goblin and a kobold.

Vanquished Creatures
  2 adders (D:2)
  An ooze (D:1)
  2 ball pythons (D:1)
  2 giant cockroaches (D:1)
  6 goblins (D:1)
  5 hobgoblins (D:1)
  2 kobolds
  4 bats (D:1)
  3 frilled lizards (D:1)
  4 rats (D:1)
31 creatures vanquished.

Notes
Turn   | Place    | Note
-------+----------+-------------------------------------------
     0 | D:1      | Gwenloh the Minotaur Fighter began the quest for the Orb.
     0 | D:1      | Reached XP level 1. HP: 19/19 MP: 0/0
    92 | D:1      | Reached XP level 2. HP: 26/27 MP: 1/1
   403 | D:1      | Reached XP level 3. HP: 33/33 MP: 2/2
   575 | D:2      | Noticed a sky beast
   589 | D:1      | HP: 1/33 [poisoned by an adder]
   589 | D:1      | Slain by a kobold

Vault maps used:
D:1:      saegor_arrival_simple_d, serial_glass, glass_columns_b,
          glass_columns_a, grunt_decor_mini_mirrors

Skill      XL: |  1  2 |
---------------+-------+-----
Fighting       | 4 |  4.2
Armour         | 4 |  4.2
Shields        | 4 |  4.2
Polearms       | 3 |  3.2

Action                   || total
-------------------------++-------
Melee: Trident           ||    80
       Headbutt          ||     8
  Use: Potion            ||     1
Armor: Scale mail        ||     5
       Chain mail        ||    44
Dodge: Dodged            ||    22
Block: Shield            ||    40

Table legend:
 A = Spawn XP
 B = Non-spawn XP
 C = Spawn XP percentage of total XP
 D = Spawn monster count
 E = Non-spawn monster count
 F = Spawn count percentage of total count
 G = Total turns spent on level
                    A         B        C        D         E        F      G
               +---------+---------+-------+---------+---------+-------+---------
         Total |       0 |      75 |   0.0 |       0 |      31 |   0.0 |   589
               +---------+---------+-------+---------+---------+-------+---------
           D:1 |       0 |      48 |   0.0 |       0 |      28 |   0.0 |   575
           D:2 |       0 |      27 |   0.0 |       0 |       3 |   0.0 |    14
               +---------+---------+-------+---------+---------+-------+---------
